 Dungeon Crawl Stone Soup version 0.27-a0-1324-ge0d8e047f6 (webtiles) character file.

Game seed: 10931044678934351844

5721 HAL9000 the Covert (level 10, -8/46 HPs)
             Began as a Vine Stalker Brigand on June 23, 2021.
             Was a Believer of Dithmenos.
             Mangled by a boulder beetle (43 damage)
             ... on level 9 of the Dungeon.
             The game lasted 00:19:27 (8242 turns).

HAL9000 the Covert (Vine Stalker Brigand)           Turns: 8242, Time: 00:19:27

Health: -8/46      AC:  8    Str: 16    XL:     10   Next: 77%
Magic:  0/11       EV: 11    Int: 12    God:    Dithmenos [**....]
Gold:   496        SH:  0    Dex: 20    Spells: 1/9 levels left

rFire    . . .     SeeInvis .   I - +2 dagger (freeze)
rCold    + . .     Faith    +   (no shield)
rNeg     . . .     Spirit   +   b - +0 robe
rPois    .         Reflect  .   (no helmet)
rElec    +         Harm     .   c - +0 cloak
rCorr    .         Rampage  .   (no gloves)
Will     +....                  s - +0 pair of boots
Stlth    ++++++++..             n - amulet of faith
HPRegen  1.15/turn              F - ring of Feaduxka {*Slow rElec rC+ Dex+4 Slay+6}
MPRegen  0.12/turn              y - +4 ring of protection

@: wreathed by umbra
A: fangs 3, regeneration 1, magic shield, antimagic bite, no potion heal 2
a: Renounce Religion, Shadow Step


You were on level 9 of the Dungeon.
You worshipped Dithmenos.
Dithmenos was pleased with you.
You visited 2 branches of the dungeon, and saw 10 of its levels.

You collected 496 gold pieces.

Inventory:

Hand Weapons
 a - a +2 dagger
 I - a +2 dagger of freezing (weapon)
Missiles
 d - 10 poisoned darts
 e - a curare-tipped dart (quivered)
 u - 6 boomerangs
 A - 10 javelins
 G - 2 datura-tipped darts
 L - 7 atropa-tipped darts
Armour
 b - a +0 robe (worn)
 c - a +0 cloak (worn)
 s - a +0 pair of boots (worn)
Jewellery
 k - a ring of flight
 n - an amulet of faith (around neck)
 y - a +4 ring of protection (right hand)
 F - the ring of Feaduxka (left hand) {*Slow rElec rC+ Dex+4 Slay+6}
   (You found it on level 6 of the Dungeon)

   [ring of protection from cold]

   It affects your dexterity (+4).
   It affects your accuracy and damage with ranged weapons and melee attacks
   (+6).
   It protects you from cold.
   It insulates you from electricity.
   It may slow you when you take damage.
Wands
 r - a wand of acid (15)
 t - a wand of flame (2)
 B - a wand of paralysis (6)
 D - a wand of digging (5)
Scrolls
 f - a scroll of noise {unknown}
 g - 3 scrolls of amnesia
 j - 3 scrolls of teleportation
 m - 4 scrolls of magic mapping
 v - 3 scrolls of enchant weapon {unknown}
 w - a scroll of brand weapon {unknown}
 x - 2 scrolls of holy word {unknown}
 z - a scroll of immolation {unknown}
 E - a scroll of fog {unknown}
Potions
 h - 4 potions of lignification {unknown}
 i - 2 potions of heal wounds {unknown}
 l - 3 potions of curing
 o - a potion of might {unknown}
 p - 3 potions of magic
 q - a potion of attraction {unknown}
 C - a potion of degeneration
 H - a potion of berserk rage {unknown}
 J - a potion of cancellation {unknown}
 K - a potion of haste {unknown}
 M - a potion of brilliance {unknown}
Miscellaneous
 N - a lightning rod (2/4)


   Skills:
 - Level 1.7 Fighting
 - Level 9.0 Short Blades
 - Level 1.7 Throwing
 - Level 0.7 Dodging
 - Level 14.7 Stealth
 + Level 5.3 Necromancy


You had one spell level left.
You knew the following spells:

 Your Spells              Type           Power      Damage    Failure   Level
a - Pain                  Necr           48%        1d6       3%          1
b - Vampiric Draining     Necr           6%         2d6       11%         3
c - Animate Dead          Necr           6%         N/A       36%         4

Your spell library contained the following spells:

 Spells                   Type           Power      Damage    Failure   Level
 Animate Skeleton         Necr           24%        N/A       3%          1
 Agony                    Necr           12%        N/A       71%         5


Dungeon Overview and Level Annotations

Branches:
Dungeon (9/15)             Temple (1/1) D:5            Lair (0/6) D:8
    Orc: D:9-12

Altars:
Ashenzari
Cheibriados
Dithmenos
Elyvilon
Fedhas
Hepliaklqana
Kikubaaqudgha
Nemelex Xobeh
Qazlal
Ru
Sif Muna
Trog
Uskayaw
Vehumet
Wu Jian
Xom
Yredelemnul
The Shining One
Beogh

Shops:
D:3 =(==*   D:5 =   D:8 (

Annotations:
D:6 3 runed translucent doors, BlueGoblin's ghost, novice VSBr


Innate Abilities, Weirdness & Mutations

You have razor-sharp teeth.
Your natural rate of healing is unusually fast.
When hurt, damage is shared between your health and your magic reserves.
Your bite disrupts and absorbs the magic of your enemies.
Potions cannot restore your health.


Message History

Dithmenos accepts your kill.
Your Necromancy skill gained 2 levels and is now at level 5!
There is an open door here.
Things that are here:
a +0 dire flail; a +0 giant club; a two-headed ogre corpse Cast which spell? (? or * to list)
Okay, then.
Okay, then.
A boulder beetle comes into view.
A boulder beetle is nearby!
A boulder beetle is nearby!
The boulder beetle curls into a ball and begins rolling!
The boulder beetle hits you!
The boulder beetle stops rolling and uncurls.
Aiming: Corrosive Bolt
Press: ? - help, Shift-Dir - straight line, f - boulder beetle
Aim: a boulder beetle (umbra, 100% to hit)
The bolt of acid hits the boulder beetle!
The boulder beetle is splashed with acid.
The acid corrodes the boulder beetle!
The boulder beetle is lightly wounded.
The boulder beetle bites you!!
You hit the boulder beetle but do no damage.
You bite the boulder beetle, but do no damage.
The boulder beetle is lightly wounded.
A kobold brigand comes into view.
It is wielding a +2 dagger of draining and quivering poisoned darts.
The boulder beetle leaps!
The boulder beetle curls into a ball and begins rolling! 2 kobolds come into view.
A kobold is wielding a +0 short sword and quivering poisoned darts.
A kobold comes into view. It is wielding a +2 dagger of draining.
Okay, then.
A kobold comes into view. It is wielding a +0 short sword.
The boulder beetle is no longer covered in acid.
A bullfrog comes into view.
The kobold shouts! x3; The kobold brigand shouts!
The bullfrog croaks.
The kobold shouts!
The boulder beetle hits you!!!
Ouch! That really hurt!
You die...

#..!#○....... #..#
#...)........ #..# #.....
#.(.#........ #..# #.....
#...#........ #..# #.....
#...#........ #..# #.....
#...#........ #..# #.....
#...#........ #..# #.....
#...#####+#####..# #.....
#........°°°○B@..#########.....
#..........................!...
#.°°.........KKK...............
#○..............K..............
#.................F............
###...........K...K............
#..####......................
#### #######################


You could see a boulder beetle (rolling), a kobold brigand, a bullfrog and 5
kobolds.

Vanquished Creatures
  2 two-headed ogres (D:9)
  Pikel (D:8)
  4 yaks (D:8)
  A steam dragon (D:7)
  4 orc warriors
  2 ice beasts
  4 black bears
  3 ogres
  4 centaurs
  A bullfrog (D:6)
  A scorpion (D:8)
  A wyvern zombie (D:7)
  15 wights
  A howler monkey (D:9)
  A centaur zombie (D:7)
  2 hounds
  A jelly (D:5)
  6 orc priests
  Ijyb (D:3)
  A centaur skeleton (D:6)
  2 iguanas
  11 orc wizards
  A killer bee zombie (D:7)
  A hound skeleton (D:5)
  A mummy (D:4)
  A howler monkey zombie (D:8)
  A howler monkey skeleton (D:7)
  3 adders
  A shadow imp (D:6)
  2 white imps
  2 ufetubi
  6 dart slugs
  3 worms
  33 orcs
  6 ball pythons
  8 endoplasms
  3 giant cockroaches
  5 goblins
  6 hobgoblins
  5 jackals (D:3)
  4 kobolds
  2 quokkas
  10 bats
  2 frilled lizards
  A hobgoblin zombie (D:4)
  A kobold zombie (D:4)
  2 orc zombies (D:4)
  2 quokka skeletons (D:4)
  5 rats
186 creatures vanquished.

Vanquished Creatures (others)
  13 fungi (D:8)
  8 plants (D:8)
21 creatures vanquished.

Grand Total: 207 creatures vanquished

Notes
Turn   | Place    | Note
-------+----------+-------------------------------------------
     0 | D:1      | HAL9000 the Vine Stalker Brigand began the quest for the
                  | Orb.
     0 | D:1      | Reached XP level 1. HP: 11/11 MP: 2/2
   137 | D:1      | Reached XP level 2. HP: 15/15 MP: 3/3
   366 | D:1      | Reached XP level 3. HP: 18/18 MP: 4/4
  1444 | D:2      | Gained mutation: Your natural rate of healing is unusually
                  | fast. [Vine Stalker growth]
  1444 | D:2      | Reached XP level 4. HP: 23/23 MP: 5/5
  1559 | D:2      | Found a hazy altar of Hepliaklqana.
  1911 | D:3      | Found Ahaxucog's Jewellery Shoppe.
  1966 | D:3      | Found Qerykkeeck's Antique Weapon Shoppe.
  2037 | D:3      | Found Vow Zoeq's Jewellery Boutique.
  2097 | D:3      | Noticed Ijyb
  2104 | D:3      | Killed Ijyb
  2338 | D:3      | Reached XP level 5. HP: 24/26 MP: 6/6
  2380 | D:3      | Found Ekhlir's Jewellery Shop.
  2388 | D:3      | Found Gannakia's General Store.
  2629 | D:4      | Reached skill level 5 in Short Blades
  2683 | D:4      | Found a sacrificial altar of Ru.
  2756 | D:4      | Noticed a centaur
  2789 | D:4      | Killed a centaur
  2790 | D:4      | Reached XP level 6. HP: 28/30 MP: 7/7
  3276 | D:5      | Entered Level 5 of the Dungeon
  3306 | D:5      | Found a staircase to the Ecumenical Temple.
  3325 | Temple   | Entered the Ecumenical Temple
  3568 | Temple   | Became a worshipper of Dithmenos the Shadowed
  3594 | D:5      | Noticed an orc warrior
  3640 | D:5      | Killed an orc warrior
  3641 | D:5      | Reached XP level 7. HP: 19/34 MP: 2/8
  3971 | D:5      | Found Sifedyir's Jewellery Boutique.
  4312 | D:5      | Found an ornate altar of the Wu Jian Council.
  4806 | D:6      | Found a glowing golden altar of the Shining One.
  4849 | D:6      | Found a stormy altar of Qazlal.
  4870 | D:6      | Found a runed translucent gate.
  4871 | D:6      | Found a runed translucent gate.
  4871 | D:6      | Noticed BlueGoblin's ghost (novice VSBr)
  4872 | D:6      | Found a runed translucent gate.
  4947 | D:6      | Reached skill level 5 in Stealth
  5043 | D:6      | Reached skill level 6 in Stealth
  5124 | D:6      | Gained mutation: You have razor-sharp teeth. [Vine Stalker
                  | growth]
  5124 | D:6      | Reached XP level 8. HP: 38/38 MP: 9/9
  5160 | D:6      | Reached skill level 7 in Stealth
  5188 | D:6      | Reached skill level 8 in Stealth
  5316 | D:6      | Identified the ring of Feaduxka {*Slow rElec rC+ Dex+4
                  | Slay+6}
  5436 | D:6      | Reached skill level 9 in Stealth
  5451 | D:6      | Reached * piety under Dithmenos
  5459 | D:6      | Found a white marble altar of Elyvilon.
  5500 | D:6      | Reached skill level 10 in Stealth
  5837 | D:7      | Reached skill level 11 in Stealth
  5837 | D:7      | Reached XP level 9. HP: 42/42 MP: 10/10
  5844 | D:7      | Learned a level 1 spell: Pain
  5848 | D:7      | Learned a level 3 spell: Vampiric Draining
  5853 | D:7      | Learned a level 4 spell: Animate Dead
  6223 | D:7      | Reached skill level 12 in Stealth
  6387 | D:7      | Found a basalt altar of Yredelemnul.
  6707 | D:7      | Found a sparkling altar of Nemelex Xobeh.
  6722 | D:7      | Found a bloodstained altar of Trog.
  6734 | D:7      | Reached skill level 13 in Stealth
  6968 | D:8      | Noticed Pikel
  6996 | D:8      | Killed Pikel
  6997 | D:8      | Reached skill level 14 in Stealth
  7063 | D:8      | Found Qiuxe's Antique Weapon Emporium.
  7110 | D:8      | Found a shimmering blue altar of Sif Muna.
  7133 | D:8      | Reached ** piety under Dithmenos
  7155 | D:8      | Reached XP level 10. HP: 36/46 MP: 11/11
  7486 | D:8      | Found a staircase to the Lair.
  8046 | D:9      | Noticed a two-headed ogre
  8049 | D:9      | Noticed a cyclops
  8075 | D:9      | Killed a two-headed ogre
  8182 | D:9      | Noticed a two-headed ogre
  8221 | D:9      | Killed a two-headed ogre
  8222 | D:9      | Reached skill level 5 in Necromancy
  8223 | D:9      | Noticed a boulder beetle
  8242 | D:9      | Mangled by a boulder beetle

Illustrated notes

Levels and vault maps discovered:
D:1:      dpeg_arrival_round_c, layout_basic, serial_glass, glass_columns_b,
          glass_columns_b
D:2:      layout_loops_corners, basic_altar, st_stairs_9,
          hangedman_abyss_or_decor_stabs
D:3:      layout_basic, serial_shops, shop, nicolae_shop_statue_plus,
          nicolae_shop_trees, nicolae_shop_statue_plus, shop, item_on_display_a,
          uniq_ijyb
D:4:      minmay_spotlight, layout_loops_ring, nicolae_ru_awakened_eye,
          minmay_mini_ossuary
D:5:      layout_gridville, pdpol_wu_jian_five_deadly_venoms,
          minmay_temple_entry_mist, serial_shops, nicolae_shop_stone,
          minmay_misc_feat_tower, guppyfry_early_orc_mine
D:6:      nicolae_whirlpool, layout_gridville, lemuel_crystal_altar,
          lemuel_crystal_altar, nicolae_overflow_crystal_walls,
          biasface_ghost_orc_armoury
D:7:      layout_cave_pools, general_overflow_altar,
          lemuel_zombie_altar_yredelemnul, lemuel_coloured_pillars_altar
D:8:      layout_basic, led_sif_pool, grunt_lair_entry_orc_guard_hut,
          serial_shops, nicolae_shop_trees, lemuel_flamethrower_2, uniq_pikel
D:9:      kennysheep_spiral_hall, layout_irregular_city,
          grunt_temple_overflow_order_and_chaos_2, amcnicky_altar_gilded,
          nzn_sisyphean_effort
Temple:   compressed_dpeg_triangle_lava_temple

Skill      XL: |  1  2  3  4  5  6  7  8  9 10 |
---------------+-------------------------------+-----
Short Blades   | 2 3 4 5 6 7 9 |  9.0
Stealth        | 6 11 14 | 14.7
Necromancy     | 5 |  5.3
Fighting       | |  1.7
Throwing       | |  1.7
Dodging        | |  0.7

Action                   |  1- 3 |  4- 6 |  7- 9 | 10-12 || total
-------------------------+-------+-------+-------+-------++-------
Melee: Dagger            |    67 |   181 |   349 |    80 ||   677
       Bite              |    10 |    54 |   126 |    32 ||   222
Throw: Dart              |     9 |    23 |    24 |    16 ||    72
       Boomerang         |       |       |     3 |       ||     3
Evoke: Wand              |       |       |    21 |     1 ||    22
       Lightning rod     |       |       |       |     2 ||     2
  Use: Scroll            |       |       |     5 |     1 ||     6
 Stab: Sleeping          |    12 |     9 |     8 |     4 ||    33
Armor: Robe              |    20 |    41 |   106 |    12 ||   179
Dodge: Dodged            |    19 |    76 |   160 |    35 ||   290

Table legend: (Time is in decaauts)
 A = Elapsed time spent in this place.
 B = Non-inter-level travel time spent in this place.
 C = Inter-level travel time spent in this place.
 D = Time resting spent in this place.
 E = Time spent auto-exploring this place.
 F = Levels seen in this place.
 G = Mean time per level.
                   A        B        C        D        E       F      G
               +--------+--------+--------+--------+--------+-----+--------+
         Total |   8021 |   7703 |    318 |    604 |   5549 |  10 |  802.1 |
       Dungeon |   7767 |   7502 |    265 |    604 |   5352 |   9 |  863.0 |
        Temple |    253 |    200 |     53 |      0 |    197 |   1 |  253.0 |
               +--------+--------+--------+--------+--------+-----+--------+

Top non-repeatable levels by time:
     D:2: 1213 daAuts
     D:5: 1186 daAuts
     D:8: 1098 daAuts
     D:6: 1027 daAuts
     D:7: 983 daAuts
     D:4: 693 daAuts
     D:1: 682 daAuts
     D:3: 633 daAuts
  Temple: 253 daAuts
     D:9: 249 daAuts
